Map: Acid Plant LE

Players

deviousone - Winner!

  • Race: Zerg Zerg
  • League: Silver
  • Spawn Location: 5:00

Infamous

  • Race: Protoss Protoss
  • League: Gold
  • Spawn Location: 11:00

VOD

Have the link to the VOD?

Description

Time

  • Played on: April 22, 2018, 10:50 a.m.
  • Length: 11:43
Show
View Real Time Build Order
Export as new Build Order

deviousone Zerg - Winner!

Build Orders: Hatch First 

Get SALT Encoding   

  12  0:01  Drone  
  13  0:09  Drone  
  14  0:17  Overlord  
  14  0:45  Hatchery  
  14  0:46  Drone  
  14  0:49  Drone  
  15  0:53  Drone  
  16  1:03  Drone  
  17  1:13  Spawning Pool  
  17  1:16  Drone  
  17  1:24  Extractor  
  16  1:29  Drone  
  17  1:34  Drone  
  18  1:44  Drone  
  19  1:52  Drone  
  20  2:00  Queen  
  22  2:03  Queen  
  24  2:21  Evolution Chamber  
  23  2:25  Drone  
  23  2:27  Evolution Chamber  
  23  2:30  Drone x3  
  23  2:36  Queen  
  28  2:47  Metabolic Boost  
  28  3:02  Overlord x2  
  28  3:07  Zerg Melee Weapons Level 1  
  28  3:32  Zergling x4  
  28  3:33  Zergling x6  
  29  4:13  Drone x5  
  29  4:14  Drone x4  
  38  4:17  Zerg Ground Armor Level 1  
  38  4:26  Zergling x2  
  38  4:27  Zergling x6  
  42  4:35  Drone  
  42  4:38  Overlord  
  43  4:45  Lair  
  43  5:03  Drone x2  
  43  5:04  Extractor, Drone x2  
  46  5:13  Overlord  
  46  5:14  Overlord  
  46  5:31  Zerg Missile Weapons Level 1  
  46  5:51  Hydralisk Den  
  45  5:57  Extractor  
  45  5:59  Drone x4  
  45  6:00  Drone  
  49  6:11  Overlord  
  49  6:14  Overlord x2  
  49  6:42  Hydralisk x5  
  49  6:44  Hydralisk x2  
  63  6:56  Hydralisk x2  
  67  7:24  Spore Crawler  
  67  7:25  Spore Crawler  
  67  7:28  Spore Crawler  
  64  7:32  Spore Crawler  
  64  7:33  Spore Crawler  
  64  7:34  Spore Crawler  
  61  7:39  Drone x3  
  61  7:40  Spore Crawler  
  63  7:59  Hydralisk x2  
  63  8:02  Zerg Missile Weapons Level 2  
  63  8:03  Zerg Ground Armor Level 2  
  67  8:08  Overlord x3  
  67  8:10  Overlord x2  
  67  8:44  Hydralisk x3  
  73  8:50  Hydralisk x3  
  73  8:54  Hydralisk x3  
  85  9:08  Overseer  
  85  9:37  Hatchery  
  85  9:38  Hydralisk x3  
  84  9:41  Hydralisk  
  84  9:42  Hydralisk x4  
  100  10:01  Muscular Augments  
  100  10:32  Drone x5  
  100  10:35  Overlord x3  
Show
View Real Time Build Order
Export as new Build Order

Infamous Protoss 

Build Orders:  

Get SALT Encoding   

  12  0:01  Probe  
  13  0:19  Probe, Pylon  
  14  0:27  Probe  
  15  0:37  Probe  
  15  0:38  Gateway  
  16  0:52  Probe  
  16  0:54  Assimilator  
  17  1:16  Gateway  
  17  1:17  Probe  
  18  1:31  Cybernetics Core  
  18  1:32  Zealot  
  20  1:33  Probe  
  21  1:41  Probe  
  22  1:50  Probe  
  23  2:01  Assimilator  
  23  2:03  Pylon  
  23  2:12  Shield Battery  
  23  2:17  Probe  
  23  2:21  Adept x2  
  28  2:25  Probe  
  29  2:34  Pylon  
  29  2:37  Probe  
  29  2:42  Warp Gate  
  30  2:52  Stalker  
  32  3:16  Probe, Stargate  
  32  3:27  Probe  
  34  4:02  Probe  
  31  4:03  Phoenix  
  31  4:06  Stalker  
  31  4:09  Nexus  
  33  4:13  Pylon  
  33  4:14  Probe, Stalker  
  38  4:28  Probe  
  39  4:51  Phoenix  
  41  4:57  Pylon  
  41  5:01  Sentry  
  41  5:02  Pylon, Sentry  
  41  5:06  Probe  
  45  5:07  Pylon  
  46  5:15  Probe  
  47  5:49  Probe  
  47  5:51  Probe  
  49  5:57  Probe  
  49  6:00  Phoenix  
  49  6:03  Probe  
  53  6:08  Sentry  
  53  6:09  Stalker  
  53  6:10  Gateway  
  53  6:11  Gateway  
  57  6:13  Gateway  
  57  6:15  Gateway  
  57  6:17  Gateway  
  57  6:26  Probe x2  
  59  7:02  Probe x2  
  59  7:05  Zealot x2  
  65  7:14  Probe x2  
  65  7:24  Phoenix  
  67  7:35  Probe x2, Twilight Council  
  69  7:38  Assimilator  
  69  7:39  Forge x2  
  69  7:42  Assimilator  
  69  7:45  Zealot x2  
  69  7:46  Zealot x2  
  69  7:47  Zealot x2  
  69  7:48  Pylon  
  69  7:50  Probe  
  69  7:51  Probe  
  83  7:58  Phoenix  
  85  8:00  Protoss Ground Weapons Level 1  
  85  8:01  Protoss Ground Armor Level 1  
  85  8:03  Probe  
  86  8:07  Robotics Facility  
  86  8:08  Charge  
  86  8:17  Probe x2  
  88  8:24  Adept x2  
  88  8:25  Adept  
  94  8:35  Pylon  
  94  8:38  Shield Battery  
  94  8:40  Photon Cannon  
  94  8:41  Pylon  
  94  8:45  Photon Cannon  
  94  8:59  Probe  
  94  9:00  Probe  
  96  9:07  Probe  
  96  9:11  Phoenix  
  96  9:12  Probe  
  100  9:24  Zealot x5  
  110  9:48  Templar Archives  
  110  10:05  Nexus  
  110  10:08  Pylon  
  110  10:10  Pylon  
  110  10:12  Pylon  
  110  10:26  Probe x2, Phoenix, Observer  
  110  10:27  Robotics Bay  
  115  10:41  High Templar x4  
  115  10:42  High Templar  
  86  11:21  Archon x2  
  86  11:23  Stalker x3  
  86  11:24  Stalker x4  
Tags
 
Matchup
PvZ
Replay Pack
Last Remnant (2)
Spawn Locations
Cross Positions
Add a new tag
Caveats
  • Supply blocks, unpowered buildings, or Contaminate may cause inaccurate times.
  • Supply counts are checked every 10 seconds.